 Dungeon Crawl Stone Soup version 0.19-a0-1899-g2d93087 (webtiles) character file.

33922 Morenatsu the Warrior (level 13, -8/134 HPs)
             Began as a Hill Orc Monk on Oct 20, 2016.
             Was a Priest of Beogh.
             Mangled by a fire elemental (12 damage)
             ... in a volcano.
             The game lasted 00:55:51 (17780 turns).

Morenatsu the Warrior (Hill Orc Monk)              Turns: 17780, Time: 00:55:54

Health: -8/134     AC: 23    Str: 19    XL:     13   Next: 74%
Magic:  19/19      EV:  7    Int: 10    God:    Beogh [***...]
Gold:   766        SH:  0    Dex: 13    Spells: 0 memorised, 12 levels left

rFire  . . .     SeeInvis .     g - +2 war axe (venom)
rCold  . . .     Gourm    .     i - +0 plate armour
rNeg   . . .     Faith    .     (no shield)
rPois  .         Spirit   .     G - +2 helmet
rElec  .         Reflect  .     y - +0 cloak
rCorr  +         Harm     .     w - +1 pair of gloves
MR     .....                    x - +0 pair of boots
Stlth  ..........               p - amulet of regeneration
                                (no ring)
                                u - ring of resist corrosion

@: no status effects
A: no striking features
a: Smiting, Renounce Religion


You were in a volcano.
You worshipped Beogh.
Beogh was most pleased with you.
You were not hungry.

You visited 2 branches of the dungeon, and saw 16 of its levels.
You also visited: Volcano.

You collected 1026 gold pieces.
You spent 260 gold pieces at shops.

Inventory:

Hand Weapons
 g - a +2 war axe of venom (weapon)
Armour
 b - a +0 helmet of see invisible
 i - a +0 plate armour (worn)
 w - a +1 pair of gloves (worn)
 x - a +0 pair of boots (worn)
 y - a +0 cloak (worn)
 G - a +2 helmet (worn)
Jewellery
 p - an amulet of regeneration (around neck)
 u - a ring of resist corrosion (left hand)
Wands
 d - a wand of iceblast (3/15)
 j - a wand of flame (33/48)
 r - a wand of iceblast (1/15)
 A - a wand of iceblast (11/15)
 B - a wand of acid (11/15)
 D - a wand of disintegration (11/24)
 I - a wand of acid (5/15)
 K - a wand of enslavement (12/24)
 L - a wand of polymorph (20/24)
 O - a wand of slowing (14/48)
Scrolls
 a - 2 scrolls of enchant weapon
 h - 9 scrolls of remove curse
 v - 2 scrolls of teleportation
 C - 4 scrolls of amnesia
 F - 2 scrolls of identify
Potions
 e - 5 potions of agility
 f - 5 potions of cancellation
 l - a potion of might
 n - 6 potions of brilliance
 s - 2 potions of resistance
 z - a potion of flight
 H - a potion of curing
 J - a potion of cure mutation
 P - a potion of invisibility
Books
 k - a book of Transfigurations

   Spells                             Type                      Level
   a - Irradiate                      Conjuration/Transmutation    5
   b - Statue Form                    Transmutation/Earth          6
   c - Hydra Form                     Transmutation                6
   d - Dragon Form                    Transmutation                7
Comestibles
 c - 12 bread rations
 m - 7 meat rations
 E - 9 slices of pizza


   Skills:
 + Level 17.7 Fighting
 - Level 16.0 Axes
 - Level 10.1 Armour
 - Level 2.4 Dodging
 - Level 1.5 Stealth
 - Level 9.1 Invocations


You had 12 spell levels left.
You didn't know any spells.

Dungeon Overview and Level Annotations

Branches:
Dungeon (10/15)            Temple (0/1) D:4            Lair (6/6) D:8
 Shoals (0/4) Lair:3        Snake (0/4) Lair:3
  Slime: Lair:5-6       Orc: D:9-12

Altars:
Fedhas
Gozag
Nemelex Xobeh
Okawaru
Sif Muna
Uskayaw
Vehumet
Yredelemnul
The Shining One

Shops:
D:5 [   D:7 %

Annotations:
D:6 exclusion: statue, reaperXD's ghost, novice DsFi


Message History

* * * LOW HITPOINT WARNING * * *
You see here a scimitar of flaming.
There is an open door here.
The fire elemental hits you. The fire elemental burns you!
* * * LOW HITPOINT WARNING * * *
There is a rock-blocked tunnel here.
The fire elemental hits you. The fire elemental burns you!
* * * LOW HITPOINT WARNING * * *
The fire elemental hits you. The fire elemental burns you!
* * * LOW HITPOINT WARNING * * *
The fire elemental hits you. The fire elemental burns you!
* * * LOW HITPOINT WARNING * * *
You feel better. The fire elemental hits you. The fire elemental burns you!
* * * LOW HITPOINT WARNING * * *
The fire elemental hits you. The fire elemental burns you!
* * * LOW HITPOINT WARNING * * *
The fire elemental hits you. The fire elemental burns you!
* * * LOW HITPOINT WARNING * * *
The fire elemental hits you. The fire elemental burns you!
You die...

##.##≈§§§§#
##..##≈≈§..##
#..###≈§§≈..#
#..##≈≈≈§..##
###.##≈§)..#
##'###R###
##..##§..##
##....EE§..##
#...∩.@E§...#
##.....E...##
#§≈§≈≈≈§≈§#
##§≈≈≈≈≈§##
#########


You could see an efreet and 4 fire elementals.

Vanquished Creatures
  Josephine (Lair:5)
  Fannar (D:8)
  5 hydras
  4 death yaks (Lair:5)
  Pikel (D:6)
  A hill giant (D:8)
  2 manticores
  5 elephants
  The ghost of drd the Poker, a novice OpAs of Hepliaklqana (D:7)
  A black mamba (Lair:5)
  10 spiny frogs
  A torpor snail (Lair:5)
  A rime drake (Lair:2)
  3 komodo dragons
  2 efreet (Volcano)
  2 trolls (D:9)
  3 polar bears
  A two-headed ogre (D:9)
  7 hippogriffs
  6 blink frogs
  4 dream sheep (Lair:4)
  5 wyverns
  26 yaks
  4 hogs (D:7)
  5 wraiths (Lair:5)
  A human (D:7)
  5 basilisks
  Menkaure (D:5)
  A steam dragon (Lair:4)
  5 nagas (Lair:3)
  6 water moccasins
  An orc warrior (D:6)
  10 porcupines
  4 sky beasts
  A necrophage (D:8)
  A slave (D:6)
  3 wolves (Lair:4)
  A phantom (D:7)
  3 ogres
  2 centaurs (D:5)
  12 crocodiles
  Blork the orc (D:5)
  8 bullfrogs
  3 earth elementals (Volcano)
  8 killer bees
  A howler monkey (D:4)
  An electric eel (Lair:4)
  A centaur zombie (D:9)
  5 crimson imps
  A bullfrog zombie (D:5)
  A bullfrog skeleton (D:8)
  3 jellies
  2 orc priests (D:9)
  9 iguanas
  8 worker ants
  Natasha (D:3)
  3 orc wizards
  2 hound zombies
  A howler monkey zombie (D:5)
  2 worker ant zombies (D:5)
  7 gnolls
  16 adders
  A howler monkey skeleton (D:8)
  4 shadow imps
  An ooze (D:1)
  2 adder skeletons
  3 dart slugs
  3 worms
  5 leopard geckos
  23 orcs
  4 giant cockroaches
  3 goblins
  9 hobgoblins
  10 jackals
  2 quokkas
  6 bats
  7 frilled lizards
  2 kobolds
  9 rats
  A fungus (Lair:5)
  2 plants (Lair:4)
340 creatures vanquished.

Vanquished Creatures (others)
  A hippogriff (D:9)
  A slave (D:6)
  A statue (D:6)
  3 fungi (Lair:5)
  2 plants (Lair:4)
8 creatures vanquished.

Grand Total: 348 creatures vanquished

Notes
Turn   | Place    | Note
-------+----------+-------------------------------------------
     0 | D:1      | Morenatsu the Hill Orc Monk began the quest for the Orb.
     0 | D:1      | Reached XP level 1. HP: 19/19 MP: 1/1
   176 | D:1      | Reached XP level 2. HP: 26/26 MP: 2/2
   391 | D:1      | Reached skill level 5 in Axes
   508 | D:1      | Reached XP level 3. HP: 28/31 MP: 3/3
  1136 | D:2      | Found a blossoming altar of Fedhas.
  1204 | D:2      | Reached XP level 4. HP: 38/39 MP: 4/4
  1223 | D:2      | Found an iron altar of Okawaru.
  2055 | D:3      | Reached XP level 5. HP: 40/45 MP: 5/5
  2183 | D:3      | Noticed Natasha
  2210 | D:3      | Killed Natasha
  2307 | D:3      | Found a sparkling altar of Nemelex Xobeh.
  2307 | D:3      | Found a glowing golden altar of the Shining One.
  2319 | D:3      | Found an opulent altar of Gozag.
  2322 | D:3      | Found a basalt altar of Yredelemnul.
  2324 | D:3      | Found a hide-covered altar of Uskayaw.
  3153 | D:4      | Found a staircase to the Ecumenical Temple.
  3179 | D:4      | Noticed an ogre
  3181 | D:4      | Reached XP level 6. HP: 35/51 MP: 6/6
  3547 | D:5      | Entered Level 5 of the Dungeon
  3944 | D:5      | Reached skill level 10 in Axes
  3944 | D:5      | Reached XP level 7. HP: 25/57 MP: 7/7
  4169 | D:5      | Noticed Menkaure
  4479 | D:5      | Found Ekhotim's Antique Armour Shop.
  4501 | D:5      | Killed Menkaure
  4736 | D:5      | Reached XP level 8. HP: 51/64 MP: 8/8
  4882 | D:5      | Bought a pair of gloves for 130 gold pieces
  4882 | D:5      | Bought a pair of boots for 130 gold pieces
  4991 | D:5      | Found a deep blue altar of Sif Muna.
  5188 | D:5      | Noticed Blork the orc
  5205 | D:5      | Killed Blork the orc
  5380 | D:6      | Noticed a yak
  5382 | D:6      | Noticed reaperXD's ghost (novice DsFi)
  5383 | D:6      | Noticed a yak
  5409 | D:7      | Noticed a hippogriff
  5422 | D:7      | Killed a hippogriff
  5450 | D:5      | Killed a yak
  5743 | D:6      | Noticed a yak
  5743 | D:6      | Noticed a yak
  5743 | D:6      | Noticed a yak
  5743 | D:6      | Noticed a yak
  5754 | D:5      | Killed a yak
  5862 | D:5      | Reached XP level 9. HP: 70/70 MP: 9/9
  5884 | D:6      | Reached skill level 1 in Armour
  6155 | D:6      | Reached skill level 5 in Armour
  6469 | D:6      | Noticed Pikel
  6486 | D:6      | Killed Pikel
  6486 | D:6      | Reached skill level 6 in Fighting
  6542 | D:6      | Found a radiant altar of Vehumet.
  6898 | D:7      | Noticed drd's ghost (novice OpAs)
  6922 | D:7      | Killed drd's ghost
  6922 | D:7      | Reached XP level 10. HP: 49/83 MP: 10/10
  7334 | D:7      | Reached skill level 7 in Fighting
  7376 | D:7      | Found Ijuat's Food Shoppe.
  7539 | D:7      | Reached skill level 8 in Fighting
  7658 | D:7      | Reached skill level 9 in Fighting
  7860 | D:8      | Found an opulent altar of Gozag.
  7942 | D:8      | Found a staircase to the Lair.
  8807 | D:8      | Noticed a hill giant
  8811 | D:8      | Killed a hill giant
  8811 | D:8      | Reached skill level 10 in Fighting
  8934 | D:9      | Noticed a manticore
  8942 | D:9      | Killed a manticore
  9286 | D:9      | Became a worshipper of Beogh the Brigand
  9286 | D:9      | Reached * piety under Beogh
  9286 | D:9      | Reached ** piety under Beogh
  9663 | D:9      | Reached XP level 11. HP: 89/101 MP: 11/11
 10049 | D:9      | Reached skill level 10 in Armour
 10396 | D:10     | Entered Level 10 of the Dungeon
 10494 | Lair:1   | Entered Level 1 of the Lair of Beasts
 10495 | Lair:1   | Noticed Fannar
 10520 | D:8      | Killed Fannar
 11068 | Lair:1   | Reached skill level 5 in Invocations
 11407 | Lair:1   | Noticed an eight-headed hydra
 11411 | Lair:1   | Killed an eight-headed hydra
 11722 | Lair:2   | You fall through a shaft!
 11946 | Lair:2   | Reached skill level 15 in Axes
 12352 | Lair:2   | Reached XP level 12. HP: 89/108 MP: 18/18
 12560 | Lair:2   | Identified a scroll of acquirement
 13012 | Lair:3   | Reached skill level 11 in Fighting
 13211 | Lair:3   | Noticed a six-headed hydra
 13214 | Lair:3   | Killed a six-headed hydra
 13403 | Lair:3   | Found a staircase to the Shoals.
 13413 | Lair:3   | Reached skill level 12 in Fighting
 13648 | Lair:3   | Found a staircase to the Snake Pit.
 13993 | Lair:3   | Noticed a four-headed hydra
 14134 | Lair:3   | Reached skill level 13 in Fighting
 14462 | Lair:4   | Reached skill level 14 in Fighting
 14687 | Lair:4   | Reached *** piety under Beogh
 15004 | Lair:4   | Noticed a five-headed hydra
 15543 | Lair:4   | Killed a five-headed hydra
 15543 | Lair:4   | Reached skill level 15 in Fighting
 15543 | Lair:4   | Reached XP level 13. HP: 126/126 MP: 9/19
 16290 | Lair:5   | Reached skill level 16 in Fighting
 16460 | Lair:5   | Noticed Josephine
 16602 | Lair:5   | Killed Josephine
 17124 | Lair:6   | Entered Level 6 of the Lair of Beasts
 17166 | Lair:5   | Reached skill level 17 in Fighting
 17182 | Lair:5   | HP: 6/132 [death yak (13)]
 17445 | Lair:6   | Found a dark tunnel.
 17455 | Volcano  | Entered a volcano
 17780 | Volcano  | HP: 4/134 [fire elemental (4)]
 17780 | Volcano  | Mangled by a fire elemental

Vault maps used:
D:1:      shiori_arrival_elements, minmay_misc_feat_tiny
D:2:      fedhas_altar_1, kennysheep_okawaru_gauntlet, first_bread
D:3:      chequers_temple_overflow_minitemple, uniq_natasha
D:5:      lemuel_blue_sif_altar, serial_shops, nicolae_shop_waterfront,
          uniq_blork_the_orc, uniq_menkaure
D:6:      vehumet_statue, hangedman_glass_teeth, uniq_pikel
D:7:      serial_shops, shop_fountains, grunt_livestock
D:8:      lair_0_dummy, basic_altar
D:9:      minmay_cornered_nines
D:10:     minmay_statue_bubble, uniq_sonja, uniq_grum, uniq_erolcha
Lair:1:   grunt_megastairs_5, uniq_fannar
Lair:2:   beast_lair_carwin_large_3, minivault_25, st_stairs_11
Lair:3:   minmay_shoals_entry_beasts, minmay_snake_entry_guardpost_large
Lair:4:   beast_lair_carwin_5, wad_woods_river_01
Lair:5:   guppyfry_lair_drakes, uniq_josephine
Lair:6:   evilmike_catoblepas_cave, minmay_slime_entry_pillars,
          nicolae_volcano_entry_hallway, wad_woods_04
Volcano:  volcano_aerie

Skill      XL: |  1  2  3  4  5  6  7  8  9 10 11 12 13 |
---------------+----------------------------------------+-----
Axes           | 5 6 7 8 10 11 14 15 16 | 16.0
Armour         | 7 9 10 | 10.1
Fighting       | 6 10 15 17 | 17.7
Invocations    | 9 |  9.1
Dodging        | |  2.4
Stealth        | |  1.5

Action                   |  1- 3 |  4- 6 |  7- 9 | 10-12 | 13-15 || total
-------------------------+-------+-------+-------+-------+-------++-------
Melee: Hand axe          |   103 |   240 |    33 |       |       ||   376
       War axe           |       |       |   239 |   677 |   246 ||  1162
Invok: Convert to Beogh  |       |       |       |     1 |       ||     1
       Smiting           |       |       |       |    10 |     4 ||    14
Evoke: Wand              |       |     1 |       |     6 |       ||     7
  Use: Scroll            |       |    10 |     1 |    17 |     2 ||    30
       Potion            |       |       |     5 |     3 |     4 ||    12
 Stab: Sleeping          |     1 |       |       |       |       ||     1
  Eat: Chunk             |     1 |     7 |    11 |    25 |     4 ||    48
       Royal jelly       |       |       |       |     1 |       ||     1
       Beef jerky        |       |       |       |       |     4 ||     4
Armor: Robe              |     3 |       |       |       |       ||     3
       Plate armour      |    57 |   170 |   149 |   461 |   186 ||  1023
Dodge: Dodged            |    22 |    54 |    48 |   229 |    88 ||   441
Block: Shield            |       |       |       |     6 |       ||     6
